AoeStats
← KootH.

Socotra

505367435Analyzed
4v4 RM · 25d ago on Sep 9, 2026· 30m 22s· 8 players
Game mode
Random Map
Map size
148×148
Population
200
Speed
Normal
Resources
Standard
Victory
Conquest
Starting age
Dark Age
Ending age
Imperial Age
RankedLock teamsTeams togetherTeam positionsShared explorationLock speedFull tech treeHidden civsTurbo modeCheats
Victory
Defeat
🇲🇽 Malians · Mexico
1429
+13
🇨🇴 Britons · Colombia
1414
+14
🇦🇷 Bulgarians · Argentina
1331
+17
🇦🇷 Shu · Argentina
1265
+20
🇨🇳 Magyars · China
1382
-17
🇬🇧 Koreans · United Kingdom
1380
-17
🇨🇳 Ethiopians · China
1365
-16
🇨🇱 Celts · Chile
1319
-14
La Calabaza
9:56 Feudal Age
9:08 Loom
13:58 Castle Age
14:31 Double-Bit Axe
18:50 Scale Mail Armor
26:32 Bow Saw
MatRm10
7:25 Loom
10:41 Feudal Age
12:17 Double-Bit Axe
13:38 Scale Barding Armor
16:38 Forging
17:06 Horse Collar
18:48 Bloodlines
19:49 Wheelbarrow
22:53 Castle Age
21:24 Fletching
21:55 Gold Mining
24:17 Iron Casting
25:57 Bow Saw
26:17 Stone Mining
KootH.
6:27 Loom
8:39 Feudal Age
10:04 Double-Bit Axe
14:48 Fletching
21:17 Wheelbarrow
24:42 Castle Age
23:17 Padded Archer Armor
24:50 Crossbowman
25:27 Bodkin Arrow
25:42 Horse Collar
26:47 Gold Mining
27:05 Town Watch
Cabeza
4:45 Loom
10:56 Feudal Age
11:37 Double-Bit Axe
20:21 Fletching
26:22 Castle Age
26:28 Crossbowman
27:11 Bodkin Arrow
淡漠秋风
6:32 Loom
8:54 Feudal Age
10:17 Double-Bit Axe
11:51 Wheelbarrow
19:39 Bloodlines
23:05 Castle Age
21:46 Scale Barding Armor
23:13 Horse Collar
24:52 Bow Saw
25:01 Husbandry
27:26 Chain Barding Armor
Sunny
6:54 Loom
9:43 Feudal Age
13:20 Fletching
13:23 Double-Bit Axe
22:15 Castle Age
20:58 Horse Collar
23:07 Thumb Ring
22:22 Crossbowman
23:01 Bodkin Arrow
27:18 Bow Saw
28:02 Gold Mining
Kanye West
10:15 Feudal Age
9:30 Loom
10:44 Horse Collar
12:27 Man-at-Arms
16:43 Wheelbarrow
16:13 Double-Bit Axe
19:01 Gold Mining
21:24 Castle Age
22:39 Scale Barding Armor
jcboevey
6:44 Loom
9:10 Feudal Age
12:12 Double-Bit Axe
17:23 Fletching
Connection lost

Rejoining the realm…

Still unreachable

The connection could not be restored.

Session expired

The server has moved on; the page needs a fresh start.